 Dungeon Crawl Stone Soup version 0.29.1-15-g9cfb28693d (webtiles) character file.

Game seed: 11290686634020797330

97646 EarthwalkerPL the Tortoise (level 15, -16/145 HPs)
             Began as a Minotaur Fighter on Mar 10, 2023.
             Was the Champion of Okawaru.
             Demolished by an ettin
             ... wielding a +0 antimagic giant spiked club
              (61 damage)
             ... on level 13 of the Dungeon.
             The game lasted 01:11:03 (21045 turns).

EarthwalkerPL the Tortoise (Minotaur Fighter)      Turns: 21045, Time: 01:11:04

Health: -16/145    AC: 37    Str: 29    XL:     15   Next: 72%
Magic:  20/20      EV:  8    Int: 14    God:    Okawaru [******]
Gold:   2794       SH: 14    Dex:  9    Spells: 14/14 levels left

rFire   . . .      SeeInvis +   Y - +8 war axe "Higie" {vorpal, rCorr Int+4 SInv}
rCold   + + .      Faith    .   h - +3 kite shield of Qyps {Fly Stlth+}
rNeg    . . .      Spirit   .   n - +8 orange crystal plate armour {Archmagi, Int+3 Clar}
rPois   +          Reflect  .   (helmet restricted)
rElec   .          Harm     .   G - scarf {rC+ rF+}
rCorr   +          Rampage  .   A - +0 pair of gloves of the Soldier {Stlth+}
Will    ++...      Archmagi +   b - +2 pair of boots of Good Intentions {Int+2}
Stlth   .......... Clarity  +   V - amulet of Evop {Acrobat -Cast Will+ Regen+}
HPRegen 1.14/turn  NoCast   +   S - ring of poison resistance
MPRegen 0.17/turn               B - ring of ice

@: flying
A: horns 2, retaliatory headbutt
a: Renounce Religion, Heroism, Finesse, Duel


You were on level 13 of the Dungeon.
You worshipped Okawaru.
Okawaru was exalted by your worship.
You visited 4 branches of the dungeon, and saw 22 of its levels.
You also visited: Gauntlet and Ice Cave.

You collected 3256 gold pieces.
You spent 462 gold pieces at shops.

Inventory:

Hand Weapons
 s - a +3 scimitar of flaming
 Y - the +8 war axe "Higie" (weapon) {vorpal, rCorr Int+4 SInv}
   (You found it on level 3 of the Lair of Beasts)

   It inflicts extra damage upon your enemies.
   Int:       It affects your intelligence (+4).
   SInv:      It lets you see invisible.
   rCorr:     It protects you from acid and corrosion.
Missiles
 g - 27 poisoned darts
 X - 8 silver javelins (quivered)
Armour
 b - the +2 pair of boots of Good Intentions (worn) {Int+2}
   (Okawaru gifted it to you on level 14 of the Dungeon)

   Int:       It affects your intelligence (+2).
 h - the +3 kite shield of Qyps (worn) {Fly Stlth+}
   (Okawaru gifted it to you on level 1 of the Lair of Beasts)

   Fly:       It grants you flight.
   Stlth:     It makes you more stealthy.
 n - the +8 orange crystal plate armour (worn) {Archmagi, Int+3 Clar}
   (You found it on level 2 of the Dungeon)

   Int:       It affects your intelligence (+3).
   Clar:      It protects you against confusion.
 A - the +0 pair of gloves of the Soldier (worn) {Stlth+}
   (Okawaru gifted it to you in a Gauntlet)

   Stlth:     It makes you more stealthy.
 G - a scarf of resistance (worn)
Jewellery
 f - a ring of resist corrosion
 p - a ring of magical power
 B - a ring of ice (right hand)
 C - the ring of Syopaot {rElec Will+ Int+4}
   (You found it on level 9 of the Dungeon)

   [ring of willpower]

   Int:       It affects your intelligence (+4).
   rElec:     It insulates you from electricity.
   Will:      It increases your willpower.
 E - an amulet of reflection
 S - a ring of poison resistance (left hand)
 V - the amulet of Evop (around neck) {Acrobat -Cast Will+ Regen+}
   (You bought it in a shop on level 5 of the Dungeon)

   [amulet of the acrobat]

   It increases your evasion while moving and waiting.
   -Cast:     It prevents spellcasting.
   Regen:     It increases your rate of health regeneration.
   Will:      It increases your willpower.
Wands
 w - a wand of light (28)
 z - a wand of polymorph (19)
 J - a wand of mindburst (12)
 O - a wand of flame (21)
 R - a wand of roots (26)
Scrolls
 a - a scroll of blinking
 c - a scroll of immolation
 i - 5 scrolls of amnesia
 m - 7 scrolls of poison
 u - 4 scrolls of teleportation
 v - 3 scrolls of magic mapping
 D - 2 scrolls of brand weapon
 I - 3 scrolls of silence
 K - 4 scrolls of enchant weapon
 L - 2 scrolls of torment
 M - 3 scrolls of enchant armour
 P - 3 scrolls of fear
 W - 2 scrolls of identify
Potions
 d - 3 potions of might
 e - 4 potions of magic
 j - 2 potions of attraction
 k - 3 potions of brilliance
 l - 2 potions of mutation {unknown}
 o - 2 potions of berserk rage {unknown}
 q - 3 potions of ambrosia {unknown}
 r - 4 potions of cancellation {unknown}
 t - 13 potions of curing
 x - 6 potions of lignification
 y - 2 potions of flight {unknown}
 H - 2 potions of haste
 N - 4 potions of invisibility {unknown}
 Q - a potion of degeneration {unknown}
 T - a potion of resistance {unknown}
 U - 3 potions of heal wounds {unknown}
 Z - 2 potions of experience {unknown}
Miscellaneous
 F - a piece from Xom's chessboard (15/15)


   Skills:
 * Level 16.3 Fighting
 * Level 16.1 Axes
 + Level 8.2 Throwing
 * Level 16.3 Armour
 + Level 9.0 Dodging
 + Level 12.0 Shields
 + Level 8.2 Invocations


You had 14 spell levels left.
You didn't know any spells.
Your spell library contained the following spells:

 Spells                   Type           Power      Damage    Failure   Level
 Apportation              Tloc           0%         N/A       100%        1
 Foxfire                  Conj/Fire      0%         2x1d4     100%        1
 Magic Dart               Conj           0%         1d3       100%        1
 Necrotise                Necr           0%         1d4       100%        1
 Ensorcelled Hibernation  Hex/Ice        0%         N/A       100%        2
 Passwall                 Tmut/Erth      0%         N/A       100%        2
 Conjure Flame            Conj/Fire      0%         6-21      100%        3
 Inner Flame              Hex/Fire       0%         N/A       100%        3
 Mephitic Cloud           Conj/Pois/Air  0%         N/A       100%        3
 Spider Form              Tmut/Pois      0%         N/A       100%        3
 Stone Arrow              Conj/Erth      0%         3d7       100%        3
 Swiftness                Air            0%         N/A       100%        3
 Airstrike                Air            0%         2d(0-16)  100%        4
 Anguish                  Hex/Necr       0%         N/A       100%        4
 Flame Wave               Conj/Fire      0%         2d4       100%        4
 Hailstorm                Conj/Ice       0%         3d3       100%        4
 Ice Form                 Ice/Tmut       0%         N/A       100%        4
 Blade Hands              Tmut           0%         N/A       100%        5
 Irradiate                Conj/Tmut      0%         3d11      100%        5
 Iskenderun's Battlesphe  Conj           0%         2d6       100%        5
 Lightning Bolt           Conj/Air       0%         1d11      100%        5
 Eringya's Noxious Bog    Tmut/Pois      0%         N/A       100%        6
 Iron Shot                Conj/Erth      0%         9d1       100%        6
 Dragon Form              Tmut           0%         N/A       100%        7
 Lehudib's Crystal Spear  Conj/Erth      0%         10d2      100%        8
 Summon Small Mammal      Summ           Unusable   N/A       N/A         1
 Call Imp                 Summ           Unusable   N/A       N/A         2
 Animate Armour           Summ/Erth      Unusable   N/A       N/A         4
 Summon Lightning Spire   Summ/Air       Unusable   N/A       N/A         4
 Summon Forest            Summ/Tloc      Unusable   N/A       N/A         5
 Simulacrum               Ice/Necr       Unusable   N/A       N/A         6
 Spellforged Servitor     Conj/Summ      Unusable   N/A       N/A         7
 Summon Hydra             Summ           Unusable   N/A       N/A         7

Dungeon Overview and Level Annotations

Branches:
Dungeon (14/15)            Temple (1/1) D:6            Lair (5/5) D:8
 Shoals (0/4) Lair:2       Spider (0/4) Lair:2        Slime (0/5) Lair:4
    Orc (2/2) D:12            Elf (0/3) Orc:2        Vaults (0/5) D:14
  IceCv (visited)         Gauntlet (visited)

Altars:
Ashenzari
Cheibriados
Dithmenos
Elyvilon
Fedhas
Gozag
Hepliaklqana
Kikubaaqudgha
Makhleb
Nemelex Xobeh
Okawaru
Qazlal
Ru
Sif Muna
Trog
Uskayaw
Vehumet
Wu Jian
Xom
Yredelemnul
Zin
The Shining One

Shops:
D:1 :   D:2 *:[=!   D:4 !   D:5 =   D:6 ([   D:7 !(   Orc:1 *   Orc:2 *=([

Portals:
Trove: D:12 (give +7 demon blade)

Annotations:
D:13 1 transporter, Merkmiralles's ghost, journeyman MiBe
D:14 NikiYani's ghost, journeyman MiBe
Lair:4 3 runed translucent doors, vvl's ghost, journeyman MfFi


Innate Abilities, Weirdness & Mutations

You have a pair of horns on your head.
You reflexively headbutt those who attack you in melee.


Message History

You dice the two-headed ogre like an onion!!!
The two-headed ogre is almost dead.
The two-headed ogre hits you with a +0 giant spiked club!!
The two-headed ogre hits you with a +0 giant club!!
Unknown command.
You hit the two-headed ogre but do no damage.
You headbutt the two-headed ogre.
The two-headed ogre is almost dead.
You block the two-headed ogre's attack. x2
Unknown command.
You hit the two-headed ogre. You headbutt the two-headed ogre.
You kill the two-headed ogre!
Okawaru accepts your kill.
You hear a shout!
You block the ettin's attack. x2
Your Dodging skill increases to level 9!
Unknown command.
You slash the ettin! Your headbutt misses the ettin.
The ettin is lightly wounded.
The tengu warrior rages.
The ettin hits you but does no damage.
The ettin hits you with a +0 great mace of flaming!!!
The ettin burns you!
* * * LOW HITPOINT WARNING * * *
Okay, then.
Okay, then.
Okay, then.
As you read the scroll of fear, it crumbles to dust.
You assume a fearsome visage.
The tengu warrior is unaffected.
The moth of wrath looks frightened!
The ettin is unaffected.
Merkmiralles's ghost is unaffected.
The tengu warrior rages.
You block the ettin's attack. x2
Unknown command.
Okay, then.
Unknown command.
Unknown command.
You feel better. You block the ettin's attack.
The ettin hits you with a +0 great mace of flaming!!!
You die...

.........###.©.###...#...........
........##......###....#####.....
........##.....## #...## #.....
.......##T##..#≈ ###..# #.....
..>....#?T#§}!)###.#..# #.....
.....).#.###)_$....#..# #.....
.......#..Q....#...#..# #.....
.......##.y..#≈##[##..# ###.##
#.###...#.....##@[#..)# #.##
#..###..##....QC###..## #..#
##......[###.y.###...# ##.#
######....#####....## #.#
#.#....©....### #####'#
######.###.....### #......
##......>.#################......
..........#####...........'....(.
##..............###########^.....


You could see an ettin (berserk), a tengu warrior (berserk) and a moth of wrath
(fleeing).

Vanquished Creatures
  An orc warlord (Orc:2)
  A minotaur (Gauntlet)
  A dire elephant (Gauntlet)
  Snorg (Lair:5)
  A fire dragon (Lair:5)
  A vault guard (D:14)
  3 boulder beetles
  4 hydras
  6 catoblepae
  Erica (D:8)
  6 centaur warriors
  The ghost of Tomstefer the Protected, a novice MiFi of Nemelex Xobeh (D:11)
  6 two-headed ogres
  6 death yaks
  Amaemon (Lair:2)
  2 skeletal warriors
  An orb spider (Lair:2)
  A swamp dragon (Lair:5)
  2 orc knights
  A wizard (Gauntlet)
  2 deep elf pyromancers
  4 lindwurms (D:9)
  4 cyclopes
  3 ugly things
  6 manticores
  7 slime creatures (D:13)
  4 orc sorcerers
  23 elephants
  A moth of wrath (Gauntlet)
  Maurice (D:12)
  2 gargoyles
  4 black mambas
  15 cane toads
  3 torpor snails
  An unseen horror (D:11)
  3 ice statues (IceCv)
  An orange demon (Lair:2)
  A minotaur zombie (Gauntlet)
  6 rime drakes
  2 tengu conjurers
  An efreet (D:9)
  10 komodo dragons
  A freezing wraith (IceCv)
  A hornet (D:10)
  A queen bee (Lair:2)
  A polar bear (Lair:2)
  9 trolls
  8 dream sheep (Lair:5)
  20 blink frogs
  A vampire (D:13)
  2 spriggans (D:11)
  13 wyverns
  65 yaks
  2 wraiths
  9 basilisks
  6 steam dragons
  6 vampire mosquitoes
  3 harpy simulacra (IceCv)
  8 acid dragons
  A death yak simulacrum (IceCv)
  3 wargs (Orc:1)
  13 water moccasins
  Duvessa (D:6)
  41 orc warriors
  A sky beast (D:4)
  2 ice beasts (D:6)
  2 black bears
  11 wolves
  5 ogres
  10 centaurs
  A kobold brigand (D:6)
  A phantom (D:4)
  7 bullfrogs
  2 necrophages (D:6)
  3 gnoll sergeants
  A scorpion (D:4)
  3 cane toad simulacra (IceCv)
  5 wights (D:9)
  Dowan (D:6)
  An elephant simulacrum (IceCv)
  26 killer bees
  8 howler monkeys
  3 electric eels (D:8)
  2 hounds (D:8)
  2 gnoll boudas (D:5)
  24 orc priests
  2 iguanas (D:6)
  27 orc wizards
  23 hell rats
  A polar bear simulacrum (IceCv)
  25 gnolls
  22 river rats
  7 adders
  A shadow imp (Gauntlet)
  13 white imps
  An ufetubus (D:6)
  A worm (D:4)
  A dart slug (D:1)
  126 orcs
  4 ball pythons
  5 bats
  8 endoplasms
  3 giant cockroaches
  4 goblins
  4 hobgoblins
  9 quokkas
  A frilled lizard (D:2)
  5 kobolds
  17 rats
797 creatures vanquished.

Vanquished Creatures (others)
  A human (D:6)
  An orc (D:8)
  31 fungi
  78 plants
111 creatures vanquished.

Grand Total: 908 creatures vanquished

Notes
Turn   | Place    | Note
-------+----------+-------------------------------------------
     0 | D:1      | EarthwalkerPL the Minotaur Fighter began the quest for the
                  | Orb.
     0 | D:1      | Reached XP level 1. HP: 19/19 MP: 0/0
   445 | D:1      | Reached XP level 2. HP: 25/27 MP: 1/1
   720 | D:1      | Found Qyukhlep's Book Boutique.
  1138 | D:2      | Found the +8 orange crystal plate armour {Archmagi, Int+3
                  | Clar}
  1156 | D:2      | Found Zyr Jae's Armour Boutique.
  1176 | D:2      | Found Bocahoeh's Distillery.
  1327 | D:2      | Reached XP level 3. HP: 33/33 MP: 2/2
  1348 | D:2      | Found Zoirif's Jewellery Emporium.
  1531 | D:2      | Found Olesacun's Assorted Antiques.
  1545 | D:2      | Found Kirch's Book Boutique.
  1713 | D:2      | Reached XP level 4. HP: 28/41 MP: 3/3
  1854 | D:3      | Reached XP level 5. HP: 20/47 MP: 4/4
  2483 | D:4      | Noticed a phantom
  2488 | D:4      | Killed a phantom
  2489 | D:4      | Reached skill level 5 in Fighting
  2489 | D:4      | Reached skill level 5 in Armour
  2575 | D:4      | Reached XP level 6. HP: 56/56 MP: 5/5
  2708 | D:4      | Noticed a sky beast
  2739 | D:4      | Killed a sky beast
  2740 | D:4      | Reached skill level 5 in Axes
  2897 | D:4      | Found Zotteim's Distillery.
  2952 | D:4      | Reached XP level 7. HP: 62/62 MP: 6/6
  2982 | D:4      | Found an opulent altar of Gozag.
  3246 | D:5      | Entered Level 5 of the Dungeon
  3315 | D:5      | Found Vabillui's Jewellery Shop.
  3580 | D:5      | Reached skill level 5 in Shields
  4063 | D:5      | Found a hazy altar of Hepliaklqana.
  4072 | D:5      | Found a basalt altar of Yredelemnul.
  4229 | D:6      | Found Cueh's Antique Armour Shop.
  4289 | D:6      | Found an ancient bone altar of Kikubaaqudgha.
  4294 | D:6      | Noticed a human
  4296 | D:6      | Killed a human
  4384 | D:6      | Found Xaidoss's Antique Weapon Boutique.
  4414 | D:6      | Found a stormy altar of Qazlal.
  4497 | D:6      | Reached XP level 8. HP: 70/73 MP: 7/7
  4757 | D:6      | Found a staircase to the Ecumenical Temple.
  4764 | Temple   | Entered the Ecumenical Temple
  4896 | Temple   | Became a worshipper of Warmaster Okawaru
  5162 | D:7      | Noticed Duvessa
  5163 | D:7      | Noticed Dowan
  5185 | D:6      | Killed Duvessa
  5188 | D:6      | Reached * piety under Okawaru
  5195 | D:6      | Killed Dowan
  5369 | D:7      | Found Vean's Distillery.
  5423 | D:7      | Found Vakyaf's Weapon Shoppe.
  5700 | D:8      | Noticed a two-headed ogre
  5710 | D:7      | Reached XP level 9. HP: 82/82 MP: 8/8
  5914 | D:8      | Noticed a two-headed ogre
  5920 | D:8      | Killed a two-headed ogre
  5920 | D:8      | Reached ** piety under Okawaru
  6112 | D:8      | Found a staircase to the Lair.
  6147 | D:8      | Noticed a troll
  6157 | D:8      | Killed a troll
  6167 | D:8      | Noticed Erica
  6261 | D:8      | Killed Erica
  6262 | D:8      | Reached skill level 1 in Throwing
  6262 | D:8      | Reached skill level 1 in Dodging
  6262 | D:8      | Reached skill level 1 in Invocations
  6325 | D:8      | Reached *** piety under Okawaru
  6354 | D:8      | Reached XP level 10. HP: 74/93 MP: 10/10
  6412 | D:8      | Killed a two-headed ogre
  6412 | D:8      | Reached **** piety under Okawaru
  6413 | D:8      | Reached skill level 10 in Fighting
  6413 | D:8      | Reached skill level 10 in Armour
  6506 | D:8      | Found a hide-covered altar of Uskayaw.
  6791 | D:5      | Bought the amulet of Evop {Acrobat -Cast Will+ Regen+} for
                  | 462 gold pieces
  6887 | D:9      | Found a transporter.
  6898 | D:9      | Noticed a lindwurm
  6898 | D:9      | Noticed a lindwurm
  6927 | D:9      | Noticed a lindwurm
  6930 | D:9      | Noticed a lindwurm
  7052 | D:9      | Noticed a skeletal warrior
  7174 | D:9      | Killed a skeletal warrior
  7175 | D:9      | Reached skill level 10 in Axes
  7483 | D:9      | Noticed a two-headed ogre
  7489 | D:9      | Noticed a four-headed hydra
  7529 | D:9      | Reached ***** piety under Okawaru
  7539 | D:8      | Killed a two-headed ogre
  7632 | Lair:1   | Entered Level 1 of the Lair of Beasts
  7639 | Lair:1   | Identified the +3 kite shield of Qyps {Fly Stlth+} (Okawaru
                  | gifted it to you on level 1 of the Lair of Beasts)
  7639 | Lair:1   | Received a gift from Okawaru
  7643 | Lair:1   | Reached XP level 11. HP: 100/101 MP: 12/12
  7695 | Lair:1   | You are sucked into a shaft and drop 1 floor!
  8002 | Lair:1   | Found a radiant altar of Vehumet.
  8008 | Lair:1   | Identified a scroll of acquirement
  8561 | Lair:1   | Acquired 758 gold pieces
  8687 | Lair:2   | Noticed Amaemon
  9013 | Lair:2   | Found a hole to the Spider Nest.
  9013 | Lair:2   | Noticed an orb spider
  9075 | Lair:2   | Killed an orb spider
  9213 | Lair:1   | Identified the +1 chain mail "Ystur" {rPois Will+ Str+3}
                  | (Okawaru gifted it to you on level 1 of the Lair of Beasts)
  9213 | Lair:1   | Received a gift from Okawaru
  9430 | Lair:2   | Reached XP level 12. HP: 112/112 MP: 14/14
  9514 | Lair:2   | Found a staircase to the Shoals.
  9603 | Lair:2   | Killed Amaemon
  9604 | Lair:2   | Reached skill level 5 in Dodging
 10359 | Lair:3   | Noticed a four-headed hydra
 10592 | Lair:3   | Reached skill level 5 in Throwing
 10596 | Lair:3   | Reached skill level 5 in Invocations
 10729 | Lair:3   | Killed a one-headed hydra
 10940 | Lair:2   | Received a gift from Okawaru
 11095 | Lair:3   | Reached ****** piety under Okawaru
 11128 | Lair:3   | Received a gift from Okawaru
 11139 | Lair:3   | Reached XP level 13. HP: 122/122 MP: 16/16
 11288 | Lair:3   | Received a gift from Okawaru
 11360 | Lair:3   | Identified the +8 war axe "Higie" {vorpal, rCorr Int+4
                  | SInv}
 11460 | Lair:3   | Reached skill level 10 in Shields
 11787 | Lair:4   | Found a staircase to the Slime Pits.
 11840 | Lair:4   | Found a gate leading to a gauntlet.
 11880 | Gauntlet | Entered a Gauntlet
 11880 | Gauntlet | Found a transporter.
 11889 | Gauntlet | Found a transporter.
 11891 | Gauntlet | Found a transporter.
 11904 | Gauntlet | Found a transporter.
 11905 | Gauntlet | Found a transporter.
 11906 | Gauntlet | Noticed a dire elephant
 11913 | Gauntlet | Found a transporter.
 11932 | Gauntlet | Noticed a blizzard demon
 11934 | Gauntlet | Found a transporter.
 11945 | Gauntlet | Found a transporter.
 11955 | Gauntlet | Noticed a dire elephant
 11956 | Gauntlet | Found a transporter.
 11976 | Gauntlet | Found a transporter.
 11989 | Gauntlet | Found a transporter.
 11989 | Gauntlet | Found a transporter.
 12037 | Gauntlet | Found a transporter.
 12051 | Gauntlet | Found a transporter.
 12215 | Gauntlet | Identified the +0 pair of gloves of the Soldier {Stlth+}
                  | (Okawaru gifted it to you in a Gauntlet)
 12215 | Gauntlet | Received a gift from Okawaru
 12316 | Gauntlet | Killed a dire elephant
 12393 | Gauntlet | Identified the +9 spear "Byguif" {pain, rC+ Dex+2}
 12393 | Gauntlet | Noticed a minotaur
 12399 | Gauntlet | Killed a minotaur
 12582 | Lair:4   | Found a runed translucent gate.
 12582 | Lair:4   | Found a runed translucent gate.
 12582 | Lair:4   | Found a runed translucent gate.
 12897 | Lair:4   | Noticed vvl's ghost (journeyman MfFi)
 13300 | Lair:5   | Entered Level 5 of the Lair of Beasts
 13362 | Lair:5   | Received a gift from Okawaru
 13401 | Lair:5   | Noticed Snorg
 13416 | Lair:5   | Killed Snorg
 13593 | Lair:5   | Identified the +8 halberd "Puvi" {venom, rC++ Str+2 Int+4}
                  | (Okawaru gifted it to you on level 5 of the Lair of Beasts)
 13593 | Lair:5   | Received a gift from Okawaru
 13606 | Lair:5   | Reached XP level 14. HP: 125/133 MP: 17/17
 13847 | Lair:5   | Identified the +1 pair of boots of the Other Side {*Corrode
                  | Str+5 Stlth+} (Okawaru gifted it to you on level 5 of the
                  | Lair of Beasts)
 13847 | Lair:5   | Received a gift from Okawaru
 14328 | Lair:5   | Reached skill level 15 in Fighting
 14425 | Lair:4   | Reached skill level 15 in Armour
 15178 | D:9      | Reached skill level 15 in Axes
 15503 | D:9      | Found the +4 robe of Folly {Brilliance Will-∞ Int+8}
 15512 | D:9      | Identified the ring of Syopaot {rElec Will+ Int+4}
 15546 | D:9      | Found a transporter.
 15556 | D:9      | Found a shadowy altar of Dithmenos.
 15583 | D:9      | Received a gift from Okawaru
 15790 | D:10     | Entered Level 10 of the Dungeon
 16545 | D:11     | Found a frozen archway.
 16594 | IceCv    | Entered an ice cave
 16838 | IceCv    | Received a gift from Okawaru
 16839 | IceCv    | Reached XP level 15. HP: 132/141 MP: 19/19
 17036 | D:11     | Found a runed translucent door.
 17038 | D:11     | Identified the +2 spear of Zeusch {flame, Fly}
 17043 | D:11     | Noticed Tomstefer's ghost (novice MiFi)
 17204 | D:11     | You are sucked into a shaft and drop 3 floors!
 17264 | D:14     | Identified the +2 pair of boots of Good Intentions {Int+2}
                  | (Okawaru gifted it to you on level 14 of the Dungeon)
 17264 | D:14     | Received a gift from Okawaru
 17306 | D:14     | Found a gate to the Vaults.
 17359 | D:14     | Noticed NikiYani's ghost (journeyman MiBe)
 17423 | D:13     | Noticed Merkmiralles's ghost (journeyman MiBe)
 17432 | D:13     | Found a transporter.
 17437 | D:13     | Found a transporter.
 17442 | D:13     | Found a bloodstained altar of Trog.
 17667 | D:12     | Found a staircase to the Orcish Mines.
 18052 | D:12     | Found a portal to a secret trove of treasure.
 18414 | Orc:1    | Entered Level 1 of the Orcish Mines
 18414 | Orc:1    | Noticed Maurice
 18414 | Orc:1    | Found Cyzuepaer's Assorted Antiques.
 18422 | D:12     | Killed Maurice
 18649 | Orc:2    | Entered Level 2 of the Orcish Mines
 18693 | Orc:2    | Found a staircase to the Elven Halls.
 19282 | Orc:2    | Found Jozo's Jewellery Shop.
 19417 | Orc:2    | Noticed an orc warlord
 19557 | Orc:2    | Killed an orc warlord
 19635 | Orc:2    | Found Taweum's Assorted Antiques.
 19717 | Orc:2    | Found Namatih's Antique Armour Shop.
 19719 | Orc:2    | Found Keboxur's Antique Weapon Boutique.
 20218 | D:11     | Killed Tomstefer's ghost
 20334 | D:11     | Received a gift from Okawaru
 20911 | D:13     | Received a gift from Okawaru
 21045 | D:13     | Demolished by an ettin

Illustrated notes

Levels and vault maps discovered:
D:1:      tarquinn_simple_flora_water_f, layout_loops_corners, serial_shops,
          nicolae_shop_behind_doors
D:2:      layout_loops_ring, serial_shops, shop, shop, shop, shop,
          nicolae_shop_crystal, chequers_serial_rivers_marsh
D:3:      layout_rooms, minivault_4
D:4:      layout_loops_cross, old_standard_altar, serial_shops,
          nicolae_shop_crystal
D:5:      layout_basic, minitemple, serial_shops, shop, solitary_fountain,
          minmay_misc_feat_hallway
D:6:      minmay_inner_zag, layout_basic, tgw_kikubaaqudgha,
          nicolae_qazlal_general_emergency, temple_fountains, serial_shops,
          shop_statue, nicolae_shop_statue_plus
D:7:      layout_rooms, serial_shops, nicolae_shop_hallway_stairs,
          nicolae_shop_advertising_works [nicolae_subvault_shop_adworks],
          uniq_duvessa
D:8:      layout_cave_pools, nicolae_overflow_hidden_temple, erik_lair_island,
          kennysheep_small_spiral, uniq_erica
D:9:      nzn_winding_woodlands_medium [nzn_winding_woodlands_5x5_three,
          nzn_winding_woodlands_5x15_default, nzn_winding_woodlands_hourglass,
          nzn_winding_woodlands_5x5_open_star,
          nzn_winding_woodlands_center_garden, nzn_winding_woodlands_5x5_cross,
          nzn_winding_woodlands_5x5_checkerboard,
          nzn_winding_woodlands_5x15_pool, nzn_winding_woodlands_5x5_default],
          layout_basic, gammafunk_temple_overflow_arena, special_room
          [special_room_orc], minivault_26, minmay_lindwurm_lava
D:10:     layout_irregular_city
D:11:     layout_basic, ebering_ghost_funeral_grove, portal_ice_cave_entry_imps
D:12:     layout_grid_maze, orc_0_dummy, nicolae_trove_entry_crystal
D:13:     layout_roguey, gammafunk_ghost_wrathful_warriors
D:14:     layout_roguey, david_vaults_5, nzn_ghost_randoct,
          nicolae_sif_muna_condensation, nicolae_shop_overcharged_wands
Temple:   nicolae_temple_bog_church
Lair:1:   lemuel_ratsnest, layout_chaotic_city, basic_altar
Lair:2:   regret_index_tunnel_blossom, layout_hall_layers,
          elwin_shoals_entry_rooms, nicolae_spider_entry_orb_guardian,
          infiniplex_staircase_pool_2, uniq_amaemon
Lair:3:   nzn_motion_control, layout_gridlike, special_room
          [special_room_mythical_zoo], grunt_megastairs_3
Lair:4:   layout_hall_layers, slime_entry_1, gammafunk_ghost_icy,
          gauntlet_entry_generic, kennysheep_rathole
Lair:5:   guppyfry_lair_end_dragon, layout_regular_city,
          hangedman_lair_in_review, uniq_snorg
Orc:1:    layout_caves, serial_shops, nicolae_shop_waterfront, uniq_maurice
Orc:2:    grunt_orc_community_town_hall, layout_caves,
          grunt_orc_community_big_house_1, grunt_orc_community_big_house_2,
          grunt_orc_community_house_3, grunt_orc_community_house_3,
          grunt_orc_community_house_1, grunt_orc_community_house_3,
          grunt_orc_community_house_1, grunt_orc_community_house_1

Skill      XL: |  1  2  3  4  5  6  7  8  9 10 11 12 13 14 15 |
---------------+----------------------------------------------+-----
Fighting       | 4 5 7 8 9 10 12 13 14 15 16 | 16.3
Armour         | 4 5 6 8 9 10 12 13 14 15 16 | 16.3
Axes           | 3 4 5 6 7 9 10 11 13 14 15 16 | 16.1
Shields        | 4 5 6 7 8 9 10 11 12 | 12.0
Throwing       | 1 3 4 5 6 7 8 |  8.2
Dodging        | 1 3 4 6 7 8 9 |  9.0
Invocations    | 1 3 4 5 6 7 8 |  8.2

Action                   |  1- 3 |  4- 6 |  7- 9 | 10-12 | 13-15 || total
-------------------------+-------+-------+-------+-------+-------++-------
Melee: War axe           |    55 |    98 |   284 |   674 |  1136 ||  2247
       Headbutt          |     3 |    12 |    43 |   140 |   284 ||   482
       Scimitar          |       |       |       |     7 |    27 ||    34
Throw: Dart              |       |       |    21 |    23 |     1 ||    45
       Boomerang         |       |       |       |    10 |       ||    10
       Javelin           |       |       |       |       |    12 ||    12
Invok: Heroism           |       |       |       |     1 |     1 ||     2
       Finesse           |       |       |       |     1 |     1 ||     2
  Use: Scroll            |       |       |       |    15 |    11 ||    26
       Potion            |       |       |       |       |     1 ||     1
Armor: Scale mail        |    23 |    26 |       |       |       ||    49
       Crystal plate arm |       |    54 |   298 |   627 |   692 ||  1671
Dodge: Dodged            |    24 |    20 |    55 |   259 |   275 ||   633
Block: Buckler           |    16 |    18 |    61 |    52 |       ||   147
       Kite shield       |       |       |       |   526 |   792 ||  1318
       Reflection        |       |       |       |       |     4 ||     4
